 Dungeon Crawl Stone Soup version 0.31-a0-149-g3fdcc5976a (webtiles) character file.

Game seed: 10652862325474818414

233 Anon1729 the Trooper (level 5, -2/47 HPs)
             Began as a Minotaur Monk on June 7, 2023.
             Slain by a sleepcap (20 damage)
             ... on level 4 of the Dungeon.
             The game lasted 00:03:06 (3147 turns).

Anon1729 the Trooper (Minotaur Monk)                Turns: 3147, Time: 00:03:06

Health: -2/47      AC:  5    Str: 16    XL:     5   Next: 75%
Magic:  5/5        EV:  2    Int:  7    God:
Gold:   183        SH:  0    Dex: 14    Spells: 4/4 levels left

rFire   . . .        j - +2 dagger (venom)
rCold   . . .        d - orb {light}
rNeg    . . .        i - +0 robe {Will+}
rPois   .            (helmet restricted)
rElec   .            v - +0 cloak
rCorr   .            o - +1 pair of gloves
SInv    .            (no boots)
Will    +....        m - amulet of reflection
Stlth   +            (no ring)
HPRegen 0.27/turn    (no ring)
MPRegen 0.09/turn

%: reflection
@: sleeping, glowing
A: horns 2, retaliatory headbutt
a: no special abilities


You were on level 4 of the Dungeon.
You visited 1 branch of the dungeon, and saw 5 of its levels.

You collected 183 gold pieces.

Inventory:

Hand Weapons
 a - a +0 short sword
 b - a +1 short sword of speed
 j - a +2 dagger of venom (weapon)
Armour
 d - an orb of light (worn)
 i - a +0 robe of willpower (worn)
 o - a +1 pair of gloves (worn)
 v - a +0 cloak (worn)
Jewellery
 m - an amulet of reflection (around neck)
 z - a ring of wizardry
Wands
 t - a wand of flame (29)
Scrolls
 f - 2 scrolls of teleportation {unknown}
 g - a scroll of magic mapping {unknown}
 h - 2 scrolls of amnesia {unknown}
 n - a scroll of vulnerability {unknown}
 q - a scroll of torment {unknown}
 x - a scroll of identify {unknown}
 y - a scroll of immolation {unknown}
 A - a scroll of enchant armour {unknown}
Potions
 c - a potion of ambrosia
 e - 2 potions of mutation {unknown}
 k - a potion of lignification {unknown}
 l - a potion of invisibility {unknown}
 p - 2 potions of curing {unknown}
 r - 4 potions of heal wounds {unknown}
 s - a potion of haste {unknown}
 u - a potion of berserk rage {unknown}
 w - a potion of magic {unknown}


   Skills:
 + Level 4.6 Fighting
 + Level 4.2 Short Blades
 + Level 2.6 Armour
 + Level 4.1 Dodging
 + Level 1.7 Stealth
 + Level 1.9 Invocations


You had 4 spell levels left.
You didn't know any spells.
Your spell library contained the following spells:

 Spells                   Type           Power      Damage    Failure   Level
 Sublimation of Blood     Necr           0%         N/A       56%         2
 Wereblood                Tmut           0%         N/A       56%         2
 Summon Guardian Golem    Hex/Summ       0%         N/A       80%         3
 Orb of Destruction       Conj           0%         9d5       100%        7
 Spellforged Servitor     Conj/Summ      0%         N/A       100%        7
 Summon Hydra             Summ           0%         N/A       100%        7


Dungeon Overview and Level Annotations

Branches:
Dungeon (5/15)
 Temple: D:4-7

Altars:
Dithmenos
Makhleb


Innate Abilities, Weirdness & Mutations

You have a pair of horns on your head.
You reflexively headbutt those who attack you in melee.


Message History

The sleepcap releases spores at you!!
You wake up.
You are engulfed in a cloud of soporific spores!
You are unaffected.
Unknown command.
You are too injured to fight recklessly!
Unknown command.
Unknown command.
You are too injured to fight recklessly!
You are too injured to fight recklessly!
You hit the sleepcap.
The sleepcap is poisoned.
You headbutt the sleepcap, but do no damage.
The sleepcap is lightly damaged.
The sleepcap closely misses you.
You hit the sleepcap but do no damage.
The sleepcap is lightly damaged.
You hit the sleepcap but do no damage.
The sleepcap looks as sick as possible!
The sleepcap is lightly damaged.
The sleepcap releases spores at you.
You are engulfed in a cloud of soporific spores!
You are unaffected.
You hit the sleepcap but do no damage.
You headbutt the sleepcap, but do no damage.
The sleepcap is moderately damaged.
The sleepcap closely misses you. You furiously retaliate!
You headbutt the sleepcap. You hit the sleepcap.
The sleepcap looks as sick as possible!
The sleepcap is heavily damaged.
The sleepcap releases spores at you but does no damage.
You hit the sleepcap but do no damage. You headbutt the sleepcap.
The sleepcap is severely damaged.
The sleepcap closely misses you.
You hit the sleepcap but do no damage.
The sleepcap looks as sick as possible!
The sleepcap is severely damaged.
You hit the sleepcap but do no damage.
The sleepcap is severely damaged.
The sleepcap releases spores at you.
You are engulfed in a cloud of soporific spores!
You fall asleep.
The sleepcap releases spores at you!!
You die...

..# ..#
..............$.... ..#
.................. ..#
#......#.......... ###
#......#..........
#######......+..........
.....##......#..........
#######......#..........
.).............)@f......
#######.......##)#######
. #.......##.# ##
#.#...####'#######
......###..........
#.#....# #..........
#....#.# #.......... #
#...##.# #.......... #
#..#. ....'..........


You could see a sleepcap (extremely poisoned).

Vanquished Creatures
  A jelly (D:4)
  Jessica (D:3)
  6 gnolls
  2 adders
  3 worms
  3 dart slugs
  5 ball pythons
  6 endoplasms
  A giant cockroach (D:4)
  10 goblins
  9 hobgoblins
  7 jackals
  4 kobolds
  4 quokkas
  14 bats
  2 frilled lizards
  6 rats
84 creatures vanquished.

Notes
Turn   | Place    | Note
-------+----------+-------------------------------------------
     0 | D:1      | Anon1729 the Minotaur Monk began the quest for the Orb.
     0 | D:1      | Reached XP level 1. HP: 19/19 MP: 0/0
   304 | D:1      | Reached XP level 2. HP: 27/27 MP: 1/1
   664 | D:1      | Reached skill level 1 in Armour
   831 | D:1      | Reached XP level 3. HP: 33/33 MP: 2/2
  1290 | D:2      | Reached skill level 1 in Invocations
  2142 | D:3      | Found a burning altar of Makhleb.
  2172 | D:3      | Reached skill level 1 in Stealth
  2172 | D:3      | Reached XP level 4. HP: 26/40 MP: 3/3
  2442 | D:3      | Noticed Jessica
  2446 | D:3      | Killed Jessica
  2604 | D:3      | Found a shadowy altar of Dithmenos.
  2723 | D:4      | Reached XP level 5. HP: 47/47 MP: 5/5
  2889 | D:5      | Entered Level 5 of the Dungeon
  3147 | D:4      | Slain by a sleepcap

Illustrated notes

Levels and vault maps discovered:
D:1:      minmay_arrival_nine_rooms, layout_loops_corners
D:2:      layout_basic
D:3:      layout_basic, mainiacjoe_overflow_six_doors_small,
          lemuel_coloured_pillars_altar, uniq_jessica
D:4:      kennysheep_goblin_castle, layout_basic, portal_sewer_entry_f
D:5:      layout_gridville, nicolae_overflow_squiral, led_sif_pool,
          nicolae_overflow_hidden_temple, nicolae_qazlal_general_emergency,
          serial_shops, nicolae_book_shop_shelving,
          nicolae_ea-nasir_strikes_again, minmay_misc_feat_diagonals

Skill      XL: |  1  2  3  4  5 |
---------------+----------------+-----
Armour         | 1 2 |  2.6
Fighting       | 4 |  4.6
Invocations    | 1 |  1.9
Stealth        | 1 |  1.7
Short Blades   | 4 |  4.2
Dodging        | 4 |  4.1

Action                     |  1- 3 |  4- 6 || total
---------------------------+-------+-------++-------
  Melee: Short sword       |    52 |       ||    52
         Headbutt          |    16 |    27 ||    43
         Dagger            |    40 |    85 ||   125
 Armour: Robe              |    23 |    19 ||    42
  Dodge: Dodged            |    58 |    57 ||   115
  Block: Orb               |     6 |    27 ||    33
         Reflection        |       |     3 ||     3

Table legend: (Time is in decaauts)
 A = Elapsed time spent in this place.
 B = Non-inter-level travel time spent in this place.
 C = Inter-level travel time spent in this place.
 D = Time resting spent in this place.
 E = Time spent auto-exploring this place.
 F = Levels seen in this place.
 G = Mean time per level.
                   A        B        C        D        E       F      G
               +--------+--------+--------+--------+--------+-----+--------+
         Total |   3108 |   2955 |    153 |    188 |   2261 |   5 |  621.6 |
       Dungeon |   3108 |   2955 |    153 |    188 |   2261 |   5 |  621.6 |
               +--------+--------+--------+--------+--------+-----+--------+

Top non-repeatable levels by time:
     D:1: 954 daAuts
     D:3: 868 daAuts
     D:2: 800 daAuts
     D:4: 286 daAuts
     D:5: 198 daAuts
